 Dungeon Crawl Stone Soup version 0.31-a0-845-g9abc20d24f (webtiles) character file.

Game seed: 9191343516572928072

113 Kurtz the Chopper (level 4, -2/31 HPs)
             Began as an Octopode Fighter on Oct 1, 2023.
             Slain by an orc
             ... wielding a +0 trident
              (4 damage)
             ... on level 3 of the Dungeon.
             The game lasted 00:01:01 (1169 turns).

Kurtz the Chopper (Octopode Fighter)                Turns: 1169, Time: 00:01:02

Health: -2/31      AC:  1    Str: 15    XL:     4   Next: 96%
Magic:  0/4        EV: 13    Int: 16    God:
Gold:   67         SH:  4    Dex: 13    Spells: 3/3 levels left

rFire   . . .        a - +0 war axe
rCold   . . .        b - +0 buckler
rNeg    . . .        (helmet restricted)
rPois   .            e - amulet of guardian spirit
rElec   .            h - +6 ring of intelligence
rCorr   .            (no ring)
SInv    .            (no ring)
Will    .....        (no ring)
Stlth   ++           (no ring)
HPRegen 0.25/turn    (no ring)
MPRegen 0.09/turn    (no ring)
                     (no ring)

%: guardian spirit
@: hasted, very quick
A: almost no armour, amphibious, 8 rings, camouflage 1, gelatinous body 1,
(nimble swimmer 1), tentacles
a: no special abilities


You were on level 3 of the Dungeon.
You visited 1 branch of the dungeon, and saw 3 of its levels.

You collected 67 gold pieces.

Inventory:

Hand Weapons
 a - a +0 war axe (weapon)
Missiles
 d - 6 poisoned darts
Armour
 b - a +0 buckler (worn)
Jewellery
 e - an amulet of guardian spirit (around mantle)
 h - a +6 ring of intelligence (left tentacle)
Scrolls
 g - a scroll of teleportation {unknown}
 k - a scroll of summoning {unknown}
 l - a scroll of identify {unknown}
 n - a scroll of immolation {unknown}
 o - 2 scrolls of acquirement {unknown}
 p - a scroll of amnesia {unknown}
 q - a scroll of noise {unknown}
 s - a scroll of fog {unknown}
Potions
 c - a potion of might
 f - a potion of haste
 i - 2 potions of berserk rage {unknown}
 j - a potion of resistance {unknown}
 m - a potion of curing {unknown}
 r - a potion of mutation {unknown}


   Skills:
 - Level 3.0 Fighting
 * Level 5.0 Axes
 - Level 3.0 Dodging
 - Level 3.0 Shields


You had 3 spell levels left.
You didn't know any spells.
Your spell library contained the following spells:

 Spells                   Type           Power      Damage    Failure   Level
 Volatile Blastmotes      Fire/Tloc      0%         2d10      69%         3
 Fulminant Prism          Conj/Hex       0%         3d5       97%         4
 Iskenderun's Mystic Bla  Conj/Tloc      0%         2d3       97%         4


Dungeon Overview and Level Annotations

Branches:
Dungeon (3/15)

Altars:

Annotations:
D:2 1 runed translucent door, Crazy Yiuf


Innate Abilities, Weirdness & Mutations

You cannot wear most types of armour.
You are amphibious.
You can wear up to eight rings at the same time.
Your skin changes colour to match your surroundings (Stealth+).
Your rubbery body absorbs attacks. (AC +1, EV +1)
((You are camouflaged when in or above water. (Stealth+)))
You have tentacles for arms and can constrict up to eight enemies at once.


Message History

You kill the orc!
An orc comes into view. It is wielding a +0 trident.
Unknown command.
You closely miss the orc. You grab the orc. You constrict the orc.
The orc hits you with a +0 flail. The orc completely misses you.
You are too injured to fight recklessly!
Unknown command.
You are too injured to fight recklessly!
Unknown command.
You are too injured to fight recklessly!
You barely miss the orc. You squeeze the orc.
The orc is severely wounded.
You constrict the orc.
You kill the orc!
You hit the orc wizard. Your grab misses the orc wizard.
Your squeeze misses the orc wizard.
The orc wizard is lightly wounded.
The orc hits you from afar with a +0 trident.
The orc wizard closely misses you.
Unknown command.
You slash the orc wizard! You grab the orc wizard.
The orc wizard is heavily wounded.
You constrict the orc wizard. The orc barely misses you.
The orc wizard hits you but does no damage.
The orc closely misses you.
The orc wizard hits you with a +0 dagger.
* * * LOW HITPOINT WARNING * * *
You hit the orc wizard.
You kill the orc wizard!
The orc hits you from afar with a +0 trident!
* * * LOW HITPOINT WARNING * * *
Your Axes skill increases to level 5!
Unknown command.
It was a potion of haste.
You feel yourself speed up. You block the orc's attack.
Items here: )))) [[ †.
You hit the orc but do no damage. You grab the orc.
You constrict the orc, but do no damage.
The orc hits you with a +0 trident.
You die...

#############.#
#.......#.....#
#.#####.#.#####.#
#####.###...........#
+....>..#[#.#.#######
..#####.#.#.#.#.#..(.#
........#.#.#.#.#.##.#
#.#####.# #.#.#.#.<#.#
#@# #.#.#.#..#.#
#..o.# #.#.#.#..#.#
#....# #...#.####.#
...<..# #...#......#
######.# ..########
..# #.# #.#


You could see an orc.

Vanquished Creatures
  An orc priest (D:3)
  An orc wizard (D:3)
  Robin (D:2)
  2 dart slugs (D:2)
  2 orcs (D:3)
  4 endoplasms
  9 goblins (D:2)
  3 hobgoblins (D:2)
  3 jackals (D:1)
  3 kobolds
  5 ball pythons
  3 bats (D:2)
  A frilled lizard (D:1)
  5 rats
43 creatures vanquished.

Notes
Turn   | Place    | Note
-------+----------+-------------------------------------------
     0 | D:1      | Kurtz the Octopode Fighter began the quest for the Orb.
     0 | D:1      | Reached XP level 1. HP: 16/16 MP: 1/1
   124 | D:1      | Reached XP level 2. HP: 21/21 MP: 2/2
   209 | D:1      | Found a faded altar of an unknown god.
   211 | D:1      | You fall into a shaft and drop 1 floor!
   251 | D:2      | Reached skill level 3 in Axes
   361 | D:2      | Reached XP level 3. HP: 25/26 MP: 3/3
   383 | D:2      | Noticed Robin
   391 | D:2      | Killed Robin
   506 | D:2      | Reached skill level 4 in Axes
  1018 | D:2      | Found a runed translucent door.
  1019 | D:2      | Noticed Crazy Yiuf
  1160 | D:3      | Reached XP level 4. HP: 18/31 MP: 2/4
  1167 | D:3      | Reached skill level 5 in Axes
  1169 | D:3      | Slain by an orc

Illustrated notes

Levels and vault maps discovered:
D:1:      evilmike_arrival_hilbert_curve, layout_loops_ring,
          dreamdust_ecumenical_altar_grove, chequers_serial_rivers_large_a,
          roderic_roman_lattice
D:2:      layout_loops_ring, uniq_crazy_yiuf_cottage, uniq_robin
D:3:      layout_basic, serial_shops, nicolae_shop_rolled_up

Skill      XL: |  1  2  3  4 |
---------------+-------------+-----
Axes           | 3 4 5 |  5.0
Fighting       | |  3.0
Dodging        | |  3.0
Shields        | |  3.0

Action                     |  1- 3 |  4- 6 || total
---------------------------+-------+-------++-------
  Melee: War axe           |    67 |     8 ||    75
         Tentacles         |    13 |     2 ||    15
         Constrict         |    14 |     4 ||    18
         Punch             |     1 |       ||     1
    Use: Potion            |       |     1 ||     1
   Stab: Sleeping          |     6 |       ||     6
         Distracted        |     1 |       ||     1
 Armour: Skin              |    15 |     6 ||    21
  Dodge: Dodged            |    42 |     5 ||    47
  Block: Buckler           |    15 |     1 ||    16

Table legend: (Time is in decaauts)
 A = Elapsed time spent in this place.
 B = Non-inter-level travel time spent in this place.
 C = Inter-level travel time spent in this place.
 D = Time resting spent in this place.
 E = Time spent auto-exploring this place.
 F = Levels seen in this place.
 G = Mean time per level.
                   A        B        C        D        E       F      G
               +--------+--------+--------+--------+--------+-----+--------+
         Total |   1201 |   1098 |    103 |     17 |    797 |   3 |  400.3 |
       Dungeon |   1201 |   1098 |    103 |     17 |    797 |   3 |  400.3 |
               +--------+--------+--------+--------+--------+-----+--------+

Top non-repeatable levels by time:
     D:2: 924 daAuts
     D:1: 217 daAuts
     D:3: 58 daAuts
